 Dungeon Crawl Stone Soup version 0.18-a0-651-g29bce60 (webtiles) character file.

3364 Sixotanaka the Unseen (level 10, -2/60 HPs)
             Began as an Octopode Assassin on Dec 4, 2015.
             Was a Priest of Zin.
             Slain by a trapdoor spider zombie (10 damage)
             ... on level 8 of the Dungeon on Dec 5, 2015.
             The game lasted 00:22:45 (7725 turns).

Sixotanaka the Unseen (Octopode Assassin)           Turns: 7725, Time: 00:22:45

Health: -2/60      AC:  1    Str: 10    XL:     10   Next: 3%
Magic:  14/14      EV: 12    Int: 15    God:    Zin [***...]
Gold:   397        SH:  0    Dex: 16    Spells: 0 memorised, 9 levels left

rFire  . . .     SeeInvis .     a - +3 dagger
rCold  . . .     Clarity  .     (no shield)
rNeg   . . .     SustAt   .     (helmet restricted)
rPois  .         Gourm    .     (no amulet)
rElec  .         Spirit   .     m - +2 ring of slaying
rCorr  .         Dismiss  .     (no ring)
rMut   .         Stasis   .     (no ring)
MR     .....                    (no ring)
Stlth  ++++++++..               (no ring)
                                (no ring)
                                (no ring)
                                (no ring)

@: hasted, very quick, not resistant to hostile enchantments, extraordinarily
stealthy
A: almost no armour, amphibious, 8 rings, constrict 8, camouflage 1, gelatinous
body 1
a: Recite, Vitalisation, Imprison, Donate Gold, Renounce Religion


You were on level 8 of the Dungeon.
You worshipped Zin.
Zin was most pleased with you.
You were not hungry.

You visited 2 branches of the dungeon, and saw 9 of its levels.

You collected 464 gold pieces.
You spent 21 gold pieces at shops.
You donated 46 gold pieces to Zin.


Innate Abilities, Weirdness & Mutations

You cannot wear most types of armour.
You are amphibious.
You can wear up to eight rings at the same time.
You can use your tentacles to constrict eight enemies at once.
Your skin changes colour to match your surroundings (Stealth).
Your rubbery body absorbs attacks (AC +1).


   Skills:
 - Level 2.0 Fighting
 - Level 2.0 Short Blades
 + Level 0.0 Polearms
 - Level 2.0 Throwing
 - Level 1.7 Dodging
 - Level 16.6 Stealth
 - Level 3.4 Invocations
 - Level 6.0 Evocations


You had 9 spell levels left.
You didn't know any spells.

Dungeon Overview and Level Annotations

Branches:
Dungeon (8/15)             Temple (1/1) D:5
   Lair: D:8-11

Altars:
Dithmenos
Elyvilon
Kikubaaqudgha
Okawaru
Pakellas
Qazlal
Ru
Sif Muna
Trog
Vehumet
Yredelemnul
Zin
The Shining One

Shops:
D:7 (

Annotations:
D:4 yottam's ghost, amateur HuWn
D:8 Sixotanaka's ghost, novice OpVM

Inventory:

Hand Weapons
 a - a +3 dagger (weapon)
 b - a +0 blowgun
 w - a cursed -3 blowgun
 E - a +2 glaive of freezing
   (You took it off an orc warrior on level 8 of the Dungeon)
Missiles
 c - 62 poisoned needles
 d - a curare-tipped needle
 C - 3 needles of sleeping
Armour
 x - a +0 shield
Jewellery
 m - a +2 ring of slaying (left tentacle)
 t - an uncursed amulet of stasis
Wands
 y - a wand of fire (0)
 z - a wand of disintegration (11)
 D - a wand of enslavement (2)
Scrolls
 h - 3 scrolls of immolation {!r}
 n - a scroll of fog
 r - 2 scrolls of magic mapping {unknown}
 s - 2 scrolls of teleportation {unknown}
 v - 2 scrolls of enchant weapon
 B - a scroll of remove curse {@r2}
Potions
 g - a potion of resistance {unknown}
 k - a potion of flight
 o - 2 potions of haste {@q3}
 q - 4 potions of curing {unknown}
 u - a potion of might {unknown}
Books
 f - Sirph's Tome of Conjuration
   (You found it on level 5 of the Dungeon)

   Spells                             Type                      Level
   a - Throw Flame                    Conjuration/Fire             2
   b - Throw Icicle                   Conjuration/Ice              4
   c - Conjure Ball Lightning         Conjuration/Air              6
 p - a book of Unlife
Comestibles
 e - 6 bread rations
 i - 8 chunks of flesh
 j - 2 beef jerkies
 l - 4 fruits
 A - a meat ration

#..#.......#######
#..#.###### #..#
##..# #...# #...#
#...# #..#.#
#.@#.# #.Z#.#
#..#.# #..#.#
#..#.# #..#.. #..#
#... #...


You could see a trapdoor spider zombie.


Message History

The poisoned needle hits the orc warrior!
The orc warrior is poisoned.
Aim: an orc warrior, wielding a glaive of freezing and wearing a plate armour (moderately wounded, poisoned)
You shoot a poisoned needle. The orc shouts!
The poisoned needle hits the orc warrior!
The orc warrior looks even sicker.
The orc warrior barely misses you.
Aim: an orc warrior, wielding a glaive of freezing and wearing a plate armour (severely wounded, poisoned)
You shoot a poisoned needle.
The poisoned needle hits the orc warrior!
The orc warrior looks even sicker.
Your Evocations skill increases to level 6!
You feel a bit more experienced.
Things that are here:
a glaive of freezing; a plate armour; an orc corpse
E - a glaive of freezing The orc is too close now for your liking.
You see here a poisoned needle.
Wield which item (- for none, * to show all)? (? for menu, Esc to quit)
a - a +3 dagger (weapon)
You puncture the orc! You grab the orc. You squeeze the orc.
You kill the orc!
No target in view!
Things that are here:
a club; an orc corpse It would be a sin to butcher this!
c - 62 poisoned needles (gained 1)
You see here a scroll labeled QIUMAIXKEZ.
s - 2 scrolls labeled QIUMAIXKEZ (gained 1) There's no appreciative audience!
Things that are here:
a plate armour; an orc corpse A trapdoor spider zombie comes into view.
A trapdoor spider zombie is nearby!
You hit the trapdoor spider zombie but do no damage.
Your grab misses the trapdoor spider zombie.
The trapdoor spider zombie bites you.
You hit the trapdoor spider zombie. You grab the trapdoor spider zombie.
You constrict the trapdoor spider zombie.
The trapdoor spider zombie closely misses you.
The trapdoor spider zombie barely misses you.
You puncture the trapdoor spider zombie!
You constrict the trapdoor spider zombie.
The trapdoor spider zombie bites you!
You puncture the trapdoor spider zombie!
You squeeze the trapdoor spider zombie.
You constrict the trapdoor spider zombie.
The trapdoor spider zombie bites you!
You puncture the trapdoor spider zombie!
You squeeze the trapdoor spider zombie.
You constrict the trapdoor spider zombie.
The trapdoor spider zombie bites you!
* * * LOW HITPOINT WARNING * * *
You hit the trapdoor spider zombie.
You constrict the trapdoor spider zombie.
The trapdoor spider zombie bites you!
* * * LOW HITPOINT WARNING * * *
There's no appreciative audience!
You release your grip on the trapdoor spider zombie.
The trapdoor spider zombie barely misses you.
You hit the trapdoor spider zombie. You grab the trapdoor spider zombie.
You constrict the trapdoor spider zombie.
The trapdoor spider zombie bites you!
* * * LOW HITPOINT WARNING * * *
Drink which item? (? for menu, Esc to quit)
You feel yourself speed up.
You constrict the trapdoor spider zombie.
The trapdoor spider zombie bites you!
You die...

Action                   |  1- 3 |  4- 6 |  7- 9 | 10-12 || total
-------------------------+-------+-------+-------+-------++-------
Melee: Dagger            |    52 |    81 |   170 |     8 ||   311
 Fire: Blowgun           |     2 |     2 |    29 |     3 ||    36
Invok: Recite            |       |       |     2 |       ||     2
Evoke: Wand              |       |       |     3 |       ||     3
  Use: Scroll            |     5 |     7 |       |       ||    12
       Potion            |       |       |       |     1 ||     1
 Stab: Sleeping          |    11 |    18 |    30 |       ||    59
       Distracted        |       |     1 |       |       ||     1
       Confused          |       |       |     1 |       ||     1
  Eat: Chunk             |     1 |     7 |     5 |       ||    13
       Meat ration       |       |       |     2 |       ||     2

Vault maps used:
D:1:      dpeg_chamrin_arrival_tetris
D:2:      nicolae_overflow_quartered_altars
D:3:      grunt_ministairs_12, kennysheep_nondescript
D:4:      nicolae_tso_carved_into_rock, first_bread
D:5:      minmay_temple_entry_trees, serial_glass, glass_columns_b,
          glass_columns_b, glass_columns_c, glass_columns_a, glass_columns_a,
          glass_columns_a, glass_columns_b, glass_columns_a, glass_columns_b,
          glass_columns_a, grunt_decor_resistance
D:6:      uniq_blork_the_orc, uniq_pikel
D:7:      serial_shops, shop_coins
D:8:      minmay_distorted_concentric_squares, makhleb_blood_cavern_becter
Temple:   minmay_temple_curvy_14

Notes
Turn   | Place    | Note
--------------------------------------------------------------
     0 | D:1      | Sixotanaka the Octopode Assassin began the quest for the Orb.
     0 | D:1      | Reached XP level 1. HP: 14/14 MP: 1/1
   186 | D:1      | Reached XP level 2. HP: 8/19 MP: 2/2
   383 | D:1      | Reached skill level 6 in Stealth
   843 | D:1      | Reached XP level 3. HP: 18/24 MP: 3/3
  1132 | D:2      | Reached skill level 7 in Stealth
  1282 | D:2      | Reached XP level 4. HP: 19/29 MP: 4/4
  1328 | D:2      | Found an iron altar of Okawaru.
  1411 | D:2      | Found a sacrificial altar of Ru.
  1427 | D:2      | Found a deep blue altar of Sif Muna.
  1707 | D:2      | Reached skill level 8 in Stealth
  1818 | D:2      | Found a bloodstained altar of Trog.
  1844 | D:3      | Noticed an ogre
  1847 | D:3      | Killed an ogre
  1847 | D:3      | Reached skill level 9 in Stealth
  1847 | D:3      | Reached XP level 5. HP: 34/34 MP: 5/5
  2743 | D:4      | Noticed yottam's ghost (amateur HuWn)
  2899 | D:4      | Found a glowing golden altar of the Shining One.
  2968 | D:4      | Reached XP level 6. HP: 39/39 MP: 6/6
  3163 | D:4      | Reached skill level 10 in Stealth
  3352 | D:4      | Reached skill level 11 in Stealth
  3478 | D:4      | Reached XP level 7. HP: 45/45 MP: 7/7
  3646 | D:5      | Entered Level 5 of the Dungeon
  3652 | D:5      | Identified Sirph's Tome of Conjuration
  3802 | D:5      | Reached skill level 12 in Stealth
  4381 | D:5      | Found a staircase to the Ecumenical Temple.
  4540 | Temple   | Entered the Ecumenical Temple
  4634 | Temple   | Became a worshipper of Zin the Law-Giver
  4634 | Temple   | Reached * piety under Zin
  4687 | D:6      | Noticed Blork the orc
  4701 | D:6      | Killed Blork the orc
  4701 | D:6      | Reached skill level 13 in Stealth
  4701 | D:6      | Reached XP level 8. HP: 30/50 MP: 8/8
  4901 | D:6      | Noticed Pikel
  4971 | D:6      | Killed Pikel
  4971 | D:6      | Reached skill level 14 in Stealth
  5043 | D:6      | Reached skill level 15 in Stealth
  5348 | D:6      | Reached XP level 9. HP: 25/54 MP: 9/9
  5612 | D:6      | Upgraded the game from 0.18-a0-640-g2c992fa to 0.18-a0-651-g29bce60
  5825 | D:6      | Reached skill level 1 in Invocations
  6037 | D:7      | Reached skill level 2 in Invocations
  6092 | D:7      | Reached skill level 3 in Invocations
  6170 | D:7      | Reached ** piety under Zin
  6612 | D:7      | Reached skill level 16 in Stealth
  6620 | D:7      | Reached skill level 1 in Evocations
  6653 | D:7      | Reached skill level 2 in Evocations
  6704 | D:7      | Found Jesupyh's Weapon Emporium.
  6713 | D:7      | Bought 3 needles of sleeping for 21 gold pieces
  6728 | D:7      | Reached *** piety under Zin
  6799 | D:7      | Reached skill level 3 in Evocations
  7044 | D:7      | Reached skill level 4 in Evocations
  7308 | D:7      | Reached skill level 5 in Evocations
  7537 | D:8      | Noticed Sixotanaka's ghost (novice OpVM)
  7584 | D:8      | Reached XP level 10. HP: 60/60 MP: 14/14
  7667 | D:8      | Reached skill level 6 in Evocations
  7724 | D:8      | HP: 8/60 [trapdoor spider zombie (10)]
  7725 | D:8      | Slain by a trapdoor spider zombie

Vanquished Creatures
  Pikel (D:6)
  A wyvern (D:8)
  3 orc warriors
  4 ice beasts (D:7)
  2 black bears (D:7)
  2 ogres
  5 giant frogs
  Blork the orc (D:6)
  5 scorpions
  2 crimson imps
  3 orc priests
  6 hounds
  2 giant frog skeletons
  2 giant frog zombies
  5 iguanas
  A centaur skeleton (D:5)
  9 worker ants
  5 orc wizards
  A hound zombie (D:5)
  8 adders
  A shadow imp (D:7)
  An ooze (D:1)
  A worm (D:4)
  2 giant geckos
  23 orcs
  2 ball pythons
  8 bats
  7 hobgoblins
  8 jackals
  4 kobolds
  2 quokkas (D:3)
  6 giant cockroaches
  A giant gecko skeleton (D:6)
  4 giant newts
  8 goblins
  A jackal skeleton (D:4)
  4 rats
151 creatures vanquished.

Vanquished Creatures (others)
  A slave (D:6)
  A giant gecko skeleton (D:6)
2 creatures vanquished.

Grand Total: 153 creatures vanquished
